 Dungeon Crawl Stone Soup version 0.32-a0-913-g739538afd8 (webtiles) character file.

Game seed: 5425576521801747358

15313 olmar the Bludgeoner (level 12, -1/113 HPs)
             Began as a Mountain Dwarf Monk on Apr 9, 2024.
             Was an Initiate of Gozag.
             Slain by a skeletal warrior
             ... wielding a +0 flail
              (19 damage)
             ... on level 12 of the Dungeon.
             The game lasted 00:23:37 (14149 turns).

olmar the Bludgeoner (Mountain Dwarf Monk)         Turns: 14149, Time: 00:23:38

Health: -1/113     AC: 12    Str: 19    XL:     12   Next: 0%
Magic:  12/12      EV: 11    Int: 11    God:    Gozag
Gold:   1568       SH:  0    Dex: 12    Spells: 11/11 levels left

rFire   + + .        E - +1 flail (holy)
rCold   . . .        d - orb {light}
rNeg    . . .        B - +0 leather armour {rF+}
rPois   .            q - +1 helmet
rElec   .            R - +2 cloak {rCorr}
rCorr   +            J - +0 pair of gloves
SInv    .            e - +0 pair of boots
Will    +....        o - amulet of magic regeneration
Stlth   +            n - ring of protection from fire
HPRegen 0.38/turn    (no ring)
MPRegen 0.53/turn

%: no passive effects
@: glowing
A: runic magic, artefact enchanting
a: Renounce Religion, Potion Petition, Call Merchant, Bribe Branch


You were on level 12 of the Dungeon.
You worshipped Gozag.
Gozag was most pleased with you.
You visited 2 branches of the dungeon, and saw 14 of its levels.
You also visited: Ossuary and Bailey.

You collected 2423 gold pieces.
You spent 135 gold pieces at shops.
You paid 720 gold pieces to Gozag.

Inventory:

Hand Weapons
 a - a +1 mace of venom
 b - the +1 whip of the Rat {freeze, Fly rPois rF- Str+3}
   (You bought it in a shop on level 6 of the Dungeon)

   Str+3:     It affects your strength (+3).
   rF-:       It makes you vulnerable to fire.
   rPois:     It protects you from poison.
   Fly:       It grants you flight.
 C - a +2 rapier of freezing
 E - a +1 flail of holy wrath (weapon)
Missiles
 k - 28 poisoned darts (quivered)
 v - 11 javelins
Armour
 d - an orb of light (worn)
 e - a +0 pair of boots (worn)
 q - a +1 helmet (worn)
 B - a +0 leather armour of fire resistance (worn)
 J - a +0 pair of gloves (worn)
 R - a +2 cloak of preservation (worn)
Jewellery
 h - a ring of fire
 j - a ring of ice
 n - a ring of protection from fire (left hand)
 o - an amulet of magic regeneration (around neck)
 T - a ring of ice
Wands
 s - a wand of flame (16)
 w - a wand of polymorph (6)
 D - a wand of charming (7)
 N - a wand of digging (8)
 O - a wand of warping (11)
 Q - a wand of light (2)
Scrolls
 f - 2 scrolls of vulnerability
 i - 2 scrolls of poison
 l - 2 scrolls of amnesia
 p - 3 scrolls of brand weapon
 r - 7 scrolls of teleportation
 u - a scroll of enchant armour
 x - 3 scrolls of enchant weapon
 y - 2 scrolls of immolation
 F - 5 scrolls of fog
 I - 4 scrolls of revelation
 K - 4 scrolls of fear
 S - a scroll of acquirement {unknown}
Potions
 c - a potion of heal wounds
 g - 2 potions of might
 m - 3 potions of curing
 t - a potion of enlightenment
 z - 5 potions of brilliance
 A - 2 potions of attraction
 G - a potion of haste
 H - 3 potions of lignification
 L - 2 potions of mutation
 M - 2 potions of invisibility
 P - a potion of magic {unknown}


   Skills:
 + Level 12.5 Fighting
 + Level 15.7 Maces & Flails
 + Level 9.2 Armour
 - Level 2.2 Dodging
 + Level 6.6 Evocations


You had 11 spell levels left.
You didn't know any spells.
Your spell library contained the following spells:

 Spells                   Type           Power      Damage    Failure   Level
 Apportation              Tloc           0%         N/A       36%         1
 Necrotise                Necr           0%         1d4       36%         1
 Sting                    Conj/Alch      0%         1d3       36%         1
 Summon Small Mammal      Summ           0%         N/A       36%         1
 Jinxbite                 Hex            0%         N/A       50%         2
 Mercury Vapours          Alch/Air       0%         N/A       50%         2
 Hailstorm                Conj/Ice       0%         3d5       73%         3
 Maxwell's Portable Pile  Tloc           0%         2d(5-13)  73%         3
 Sigil of Binding         Hex            0%         N/A       73%         3
 Summon Ice Beast         Ice/Summ       0%         N/A       73%         3
 Cause Fear               Hex            0%         N/A       98%         4
 Olgreb's Toxic Radiance  Alch           0%         N/A       98%         4
 Alistair's Intoxication  Alch           0%         N/A       100%        5
 Arcjolt                  Conj/Air       0%         1d10      100%        5
 Fireball                 Conj/Fire      0%         3d3       100%        5
 Death Channel            Necr           0%         N/A       100%        6
 Permafrost Eruption      Ice/Erth       0%         2x4d1     100%        6
 Sculpt Simulacrum        Ice/Alch       0%         N/A       100%        6
 Maxwell's Capacitive Co  Air            0%         ∞         100%        8
 Dragon's Call            Summ           0%         N/A       100%        9


Dungeon Overview and Level Annotations

Branches:
Dungeon (12/15)            Temple (0/1) D:4            Lair (0/5) D:10
    Orc (2/2) D:11        Ossuary (visited)          Bailey (visited)
    Elf: Orc:2

Altars:
Elyvilon
Gozag
Makhleb
Nemelex Xobeh
Trog
Beogh

Shops:
D:2 [?[   D:6 *   D:9 (   D:11 (

Annotations:
D:1 1 transporter
Orc:2 Jorgrun


Innate Abilities, Weirdness & Mutations

Your spellcasting is much less encumbered by armour.
You can use scrolls of enchantment on lesser artefacts.


Message History

You are too injured to fight recklessly!
Unknown command.
Unknown command.
You thump the skeletal warrior!
The skeletal warrior convulses.
The skeletal warrior is almost destroyed.
Unknown command.
Unknown command.
You hit the skeletal warrior but do no damage.
The skeletal warrior is almost destroyed.
The skeletal warrior barely misses you.
Unknown command.
You hit the skeletal warrior but do no damage.
The skeletal warrior is almost destroyed.
The skeletal warrior hits you with a +0 flail!
A skeletal warrior comes into view. It is wielding a +0 halberd.
Unknown command.
You barely miss the skeletal warrior.
The skeletal warrior is almost destroyed.
Unknown command.
Okay, then.
You barely miss the skeletal warrior.
The skeletal warrior is almost destroyed.
The skeletal warrior hits you with a +0 flail.
A skeletal warrior comes into view. It is wielding a +0 flail.
A skeletal warrior comes into view. It is wielding a +0 war axe.
Unknown command.
The skeletal warrior attacks as it pursues you!
The skeletal warrior hits you with a +0 flail!
* * * LOW HITPOINT WARNING * * *
The skeletal warrior attacks as it pursues you!
The skeletal warrior hits you with a +0 flail!
* * * LOW HITPOINT WARNING * * *
Okay, then.
The skeletal warrior attacks as it pursues you!
The skeletal warrior hits you with a +0 flail!
* * * LOW HITPOINT WARNING * * *
You feel better.
The skeletal warrior hits you with a +0 flail!!
You die...
Your body crumbles into a pile of gold.

... #. ...#.###.########
#...............# ##
#.#.######.####<# #!#
#z#. #.# #.# ... #.#.###
#.# #.# .z#
#z##.#...####.####.##
.....#.#.###.............
........zz@..####.####.##
.....#.#?###.# #<# #.#
..# #.##.# #.# #.# #.#
... ..# #.. ..# #.# ####
#... ..# #. #....#.# #
...#.... ....##.


You could see 2 skeletal warriors.

Vanquished Creatures
  An orc warlord (Bailey)
  A fire dragon (D:10)
  Nergalle (Orc:1)
  An ugly thing (D:11)
  A gargoyle (D:11)
  2 trolls
  A wyvern (D:10)
  A fire bat (D:9)
  14 yaks
  A steam dragon (D:9)
  Edmund (D:5)
  A water moccasin (D:8)
  A naga (D:9)
  16 orc warriors
  2 sky beasts
  2 ice beasts
  A centaur (D:10)
  2 ogres
  A kobold brigand (D:8)
  A bullfrog (D:9)
  A gnoll sergeant (D:9)
  11 wights
  8 killer bees
  2 howler monkeys
  A bullfrog zombie (Ossuary)
  2 jellies
  3 lava snakes (D:11)
  10 orc priests
  9 mummies (Ossuary)
  A sleepcap (D:6)
  An iguana (D:4)
  13 orc wizards
  A killer bee zombie (Ossuary)
  3 crocodile zombies (Ossuary)
  6 hound zombies (Ossuary)
  4 howler monkey zombies (Ossuary)
  10 gnolls
  8 adders
  3 white imps (D:7)
  2 dart slugs (D:2)
  A ribbon worm (D:3)
  42 orcs
  10 bats
  12 endoplasms
  8 giant cockroaches
  30 goblins
  12 hobgoblins
  A jackal (D:2)
  12 kobolds
  5 quokkas
  8 ball pythons
  A ball python zombie (Ossuary)
  5 frilled lizards
  7 rats
305 creatures vanquished.

Vanquished Creatures (collateral kills)
  Pikel (D:7)
  2 wights (D:7)
3 creatures vanquished.

Vanquished Creatures (others)
  An orc warrior (Bailey)
  2 orcs (Orc:1)
3 creatures vanquished.

Grand Total: 311 creatures vanquished

Notes
Turn   | Place    | Note
-------+----------+-------------------------------------------
     0 | D:1      | olmar the Mountain Dwarf Monk began the quest for the Orb.
     0 | D:1      | Reached XP level 1. HP: 19/19 MP: 1/1
    95 | D:1      | Reached skill level 4 in Maces & Flails
    95 | D:1      | Reached XP level 2. HP: 9/26 MP: 2/2
   858 | D:2      | Found Mesejiw's Magic Scroll Shoppe.
   863 | D:2      | Reached XP level 3. HP: 33/33 MP: 3/3
  1018 | D:2      | Found Gemesk's Armour Shoppe.
  1050 | D:2      | Reached skill level 5 in Maces & Flails
  1061 | D:2      | Found Omnu's Antique Armour Shop.
  1115 | D:2      | Reached skill level 1 in Armour
  1119 | D:2      | Reached XP level 4. HP: 39/40 MP: 4/4
  2002 | D:3      | Found an opulent altar of Gozag.
  2003 | D:3      | Found a sparkling altar of Nemelex Xobeh.
  2023 | D:3      | Became a worshipper of Gozag Ym Sagoz the Greedy
  2185 | D:3      | Reached XP level 5. HP: 44/46 MP: 5/5
  2449 | D:4      | Reached skill level 6 in Maces & Flails
  2560 | D:4      | Found a sand-covered staircase.
  2566 | Ossuary  | Entered an ossuary
  2687 | Ossuary  | Reached XP level 6. HP: 35/53 MP: 6/6
  2734 | Ossuary  | Reached skill level 7 in Maces & Flails
  3247 | Ossuary  | Reached skill level 5 in Fighting
  3247 | Ossuary  | Reached XP level 7. HP: 58/61 MP: 7/7
  3525 | D:4      | Found a staircase to the Ecumenical Temple.
  3565 | D:4      | Found a white marble altar of Elyvilon.
  3869 | D:4      | Reached skill level 8 in Maces & Flails
  4020 | D:5      | Entered Level 5 of the Dungeon
  4051 | D:5      | Noticed Eustachio
  4054 | D:5      | Eustachio changed into Eustachio the killer bee
  4054 | D:5      | Noticed Eustachio
  4059 | D:5      | Killed Eustachio the killer bee
  4202 | D:5      | Noticed Ijyb
  4203 | D:5      | Ijyb changed into Ijyb the killer bee
  4203 | D:5      | Noticed Ijyb
  4206 | D:5      | Killed Ijyb the killer bee
  4796 | D:5      | Noticed Edmund
  4811 | D:5      | Killed Edmund
  4827 | D:5      | Reached XP level 8. HP: 28/70 MP: 8/8
  5139 | D:6      | Reached skill level 9 in Maces & Flails
  5461 | D:6      | Reached skill level 5 in Armour
  5781 | D:6      | Found Jaadgh's Assorted Antiques.
  5789 | D:6      | Bought a crystal whip for 135 gold pieces
  5789 | D:6      | Identified the +1 whip of the Rat {freeze, Fly rPois rF-
                  | Str+3} (You bought it in a shop on level 6 of the Dungeon)
  5861 | D:6      | Reached skill level 10 in Maces & Flails
  6285 | D:7      | Noticed Pikel
  6298 | D:7      | Killed Pikel
  6299 | D:7      | Reached skill level 1 in Evocations
  6299 | D:7      | Reached XP level 9. HP: 63/79 MP: 9/9
  6332 | D:7      | Reached skill level 11 in Maces & Flails
  6356 | D:7      | Found a flagged portal.
  6382 | Bailey   | Entered a bailey
  6931 | Bailey   | Reached skill level 12 in Maces & Flails
  7405 | Bailey   | Noticed an orc warlord
  7444 | Bailey   | Killed an orc warlord
  7445 | Bailey   | Reached skill level 13 in Maces & Flails
  7445 | Bailey   | Reached XP level 10. HP: 74/90 MP: 10/10
  7662 | Bailey   | Reached skill level 10 in Fighting
  7662 | Bailey   | Reached skill level 14 in Maces & Flails
  7662 | Bailey   | Reached skill level 5 in Evocations
  7662 | Bailey   | Reached XP level 11. HP: 100/100 MP: 11/11
  8672 | D:8      | Found a burning altar of Makhleb.
  9459 | D:9      | Found Oruis's Weapon Shoppe.
  9632 | D:9      | Noticed Maurice
  9635 | D:9      | Maurice stole the +1 whip of the Rat {freeze, Fly rPois rF-
                  | Str+3}
  9637 | D:9      | Maurice changed into Maurice the naga
  9637 | D:9      | Noticed Maurice
  9645 | D:9      | Killed Maurice the naga
  9813 | D:9      | Reached skill level 15 in Maces & Flails
 10426 | D:9      | Noticed Erolcha
 10819 | D:9      | Noticed Erolcha
 10826 | D:9      | Killed Erolcha the fire bat
 11158 | D:10     | Entered Level 10 of the Dungeon
 11158 | D:10     | Found a staircase to the Lair.
 11497 | D:10     | Noticed a two-headed ogre
 11501 | D:10     | a two-headed ogre changed into a fire dragon
 11501 | D:10     | Noticed a fire dragon
 11535 | D:10     | Killed a fire dragon
 11948 | D:10     | Found a bloodstained altar of Trog.
 12296 | D:11     | Noticed a purple ugly thing
 12463 | D:11     | Found a staircase to the Orcish Mines.
 12488 | D:11     | Killed a purple ugly thing
 12765 | D:11     | Found a roughly hewn altar of Beogh.
 13530 | Orc:1    | Entered Level 1 of the Orcish Mines
 13530 | Orc:1    | Noticed Nergalle
 13535 | Orc:1    | Killed Nergalle
 13742 | Orc:1    | Reached XP level 12. HP: 59/113 MP: 12/12
 13981 | Orc:2    | Entered Level 2 of the Orcish Mines
 13981 | Orc:2    | Noticed Jorgrun
 14149 | D:12     | Slain by a skeletal warrior

Illustrated notes

Levels and vault maps discovered:
D:1:      spicycebolla_arrival_risky_transporter, layout_loops_ring
D:2:      minmay_diamond_boxcup, layout_loops_ring, serial_shops, shop,
          nicolae_shop_tiny_real_fake_doors, shop
D:3:      minmay_evil_eye, layout_basic, grunt_temple_overflow_opulence,
          dk_vineyard_1, patterned_corridor
D:4:      layout_cave_pods, elyvilon_altar_1, temple_statues,
          lightli_ossuary_entry_decrepit_ruins
D:5:      layout_loops_corners, uniq_eustachio, uniq_ijyb, uniq_edmund
D:6:      layout_gridville, serial_shops, shop
D:7:      layout_gridville, enter_bailey_3, nicolae_elevator_lobby_asterisk,
          uniq_pikel
D:8:      layout_basic, nicolae_overflow_crystal_walls
D:9:      layout_layer_cave, serial_shops, shop, uniq_maurice, uniq_erolcha
D:10:     layout_loops_ring, mainiacjoe_overflow_alcove_2, lair_entry_dummy
D:11:     layout_loops_cross, minmay_orc_entry_temple_small, kennysheep_boxes
D:12:     layout_loops_ring
Orc:1:    layout_caves, uniq_nergalle
Orc:2:    st_orc_open, layout_caves, uniq_jorgrun

Skill      XL: |  1  2  3  4  5  6  7  8  9 10 11 |
---------------+----------------------------------+-----
Maces & Flails | 4 5 6 7 8 10 13 14 15 | 15.7
Fighting       | 4 5 6 7 8 10 12 | 12.5
Armour         | 1 2 3 4 5 6 8 9 |  9.2
Evocations     | 1 2 5 6 |  6.6
Dodging        | |  2.2

Action                     |  1- 3 |  4- 6 |  7- 9 | 10-12 || total
---------------------------+-------+-------+-------+-------++-------
  Melee: Mace              |    89 |   318 |   289 |   214 ||   910
         Flail             |       |       |    12 |   213 ||   225
  Throw: Dart              |     2 |       |    27 |    20 ||    49
         Javelin           |       |     1 |    17 |     4 ||    22
 Invoke: Call Merchant     |       |       |       |     1 ||     1
  Evoke: Wand              |       |       |     8 |    26 ||    34
    Use: Scroll            |       |    13 |     8 |     5 ||    26
         Potion            |       |     4 |     6 |     4 ||    14
   Stab: Distracted        |       |       |     1 |     1 ||     2
         Invisible         |       |       |       |     2 ||     2
 Armour: Robe              |    24 |       |       |       ||    24
         Chain mail        |    41 |   246 |    31 |       ||   318
         Ring mail         |     5 |       |       |       ||     5
         Leather armour    |       |       |   149 |   266 ||   415
  Dodge: Dodged            |    53 |    95 |   122 |   191 ||   461

Table legend: (Time is in decaauts)
 A = Elapsed time spent in this place.
 B = Non-inter-level travel time spent in this place.
 C = Inter-level travel time spent in this place.
 D = Time resting spent in this place.
 E = Time spent auto-exploring this place.
 F = Levels seen in this place.
 G = Mean time per level.
                   A        B        C        D        E       F      G
               +--------+--------+--------+--------+--------+-----+--------+
         Total |  14099 |  13614 |    485 |   1844 |   9152 |  16 |  881.2 |
       Dungeon |  11502 |  11018 |    484 |   1185 |   8005 |  12 |  958.5 |
  Orcish Mines |    390 |    390 |      0 |    100 |    228 |   2 |  195.0 |
       Ossuary |    949 |    949 |      0 |     57 |    478 |   1 |  949.0 |
        Bailey |   1257 |   1257 |      0 |    501 |    440 |   1 | 1257.0 |
               +--------+--------+--------+--------+--------+-----+--------+

Top non-repeatable levels by time:
     D:9: 1838 daAuts
    D:11: 1378 daAuts
  Bailey: 1257 daAuts
     D:5: 1148 daAuts
    D:10: 1126 daAuts
     D:6: 1119 daAuts
     D:7: 1029 daAuts
 Ossuary: 949 daAuts
     D:1: 869 daAuts
     D:4: 864 daAuts
     D:2: 812 daAuts
     D:8: 649 daAuts
     D:3: 631 daAuts
   Orc:1: 386 daAuts
    D:12: 34 daAuts
